[Event "Titled Tuesday Blitz November 14 Late 2023"]
[White "Suder, Jakub"]
[Black "Nakamura, Hikaru"]
[WhiteFideId "1195310"]
[BlackFideId "2016192"]
[WhiteElo "2515"]
[BlackElo "3293"]
[Result "0-1"]
[Round "1"]
[TimeControl "180+1"]
[Date "2023.11.14"]
[WhiteClock "0:00:03"]
[BlackClock "0:01:00"]
[Board "1"]

1. d4 b6 2. c4 Bb7 3. Nc3 e6 4. a3 Nf6 5. Nf3 d5 6. Qa4+ Qd7 7. Qxd7+ Nbxd7 8. cxd5 Nxd5 9. Nxd5 Bxd5 10. e3 c5 11. Be2 c4 12. Bd2 b5 13. O-O Nb6 14. Rae1 Be7 15. Bd1 Be4 16. Ne5 f6 17. f3 Bb7 18. Ng4 O-O-O 19. Bc3 Nd5 20. Ba5 Rd7 21. Bc2 Bd8 22. Bxd8 Rdxd8 23. Nf2 Nb6 24. Rc1 Kb8 25. Ne4 Bxe4 26. Bxe4 f5 27. Bc2 a5 28. Rfd1 Rd7 29. h3 Rhd8 30. Kf2 g6 31. g4 b4 32. Bb1 f4 33. Be4 e5 34. d5 Kc7 35. exf4 exf4 36. Rd4 Kd6 37. g5 Rc7 38. h4 c3 39. axb4 a4 40. bxc3 Rdc8 41. Rd3 a3 42. Ra1 Nc4 43. Ke1 Ne5 44. Rd4 Rxc3 45. b5 Rc1+ 46. Rd1 R1c3 47. Rd4 Nxf3+ 48. Bxf3 Rxf3 49. b6 Re8+ 50. Kd2 Rf2+ 51. Kc3 Rc8+ 52. Kb3 Rb2+ 53. Kxa3 Rxb6 54. Re1 Ra8+ 55. Ra4 Rxa4+ 56. Kxa4 Kxd5 57. Re7 f3 58. Rf7 Ke4 59. Rxh7 f2 60. Rf7 Ke3 61. Ka5 Rb1 62. Re7+ Kf3 63. Rf7+ Kg3 0-1


[Site "https://www.chess.com"]

[Event "Titled Tuesday Blitz November 14 Late 2023"]
[White "Andreikin, Dmitry"]
[Black "elmusmolamas"]
[WhiteFideId "4158814"]
[WhiteElo "3130"]
[BlackElo "2515"]
[Result "1-0"]
[Round "1"]
[TimeControl "180+1"]
[Date "2023.11.14"]
[WhiteClock "0:01:14"]
[BlackClock "0:00:04"]
[Board "2"]

1. d4 Nf6 2. c4 c5 3. Nf3 cxd4 4. Nxd4 e5 5. Nb5 d5 6. cxd5 Bc5 7. e3 O-O 8. N5c3 Bf5 9. Be2 Nbd7 10. g4 Bg6 11. g5 Ne4 12. h4 f6 13. h5 Nxf2 14. Kxf2 fxg5+ 15. Ke1 Bxb1 16. Rxb1 Qf6 17. Ne4 Qb6 18. Qb3 Qh6 19. Bd2 b6 20. Rg1 Kh8 21. d6 g4 22. Qd3 Nf6 23. d7 Rad8 24. Nxf6 Qxf6 25. Rf1 Qh4+ 26. Kd1 Rxf1+ 27. Bxf1 Qe7 28. Qf5 Rxd7 29. Bd3 e4 30. Bxe4 g6 31. hxg6 hxg6 32. Qxg6 Bxe3 33. Ke2 Bxd2 34. Rh1+ 1-0


[Site "https://www.chess.com"]

[Event "Titled Tuesday Blitz November 14 Late 2023"]
[White "JackRodgers"]
[Black "Nihal Sarin"]
[BlackFideId "25092340"]
[WhiteElo "2512"]
[BlackElo "3101"]
[Result "0-1"]
[Round "1"]
[TimeControl "180+1"]
[Date "2023.11.14"]
[WhiteClock "0:00:01"]
[BlackClock "0:02:19"]
[Board "3"]

1. d4 Nf6 2. Bg5 Ne4 3. h4 c5 4. dxc5 Nxc5 5. Nf3 Nc6 6. Nc3 h6 7. Be3 e6 8. g3 d5 9. Bg2 Be7 10. O-O O-O 11. Nd4 Bd7 12. Nxc6 Bxc6 13. Bd4 Rc8 14. Qd2 a6 15. Rfe1 b5 16. a3 a5 17. Rad1 b4 18. axb4 axb4 19. Na2 b3 20. Bxc5 Bxc5 21. cxb3 Qb6 22. e3 Qxb3 23. Nc1 Qb6 24. Nd3 Be7 25. Rc1 Bb5 26. Rxc8 Rxc8 27. Rc1 Rb8 28. Ne5 h5 29. Bf3 Bf6 30. Qd4 g6 31. Bd1 Kg7 32. f4 Be8 33. Qxb6 Rxb6 34. b3 Rb4 35. Rc8 Bxe5 36. Rxe8 Bc7 37. Kf2 Bb6 38. Bc2 Kf6 39. Kf3 Bc5 40. Rc8 Be7 41. Rc7 Rb8 42. Rc6 Ra8 43. Rc7 Ra1 44. Rc6 Rf1+ 45. Ke2 Rg1 46. Kf2 Rc1 47. e4 d4 48. e5+ Kg7 49. Kf3 d3 50. Ke3 dxc2 51. Kd2 Rg1 52. Rxc2 Rxg3 0-1


[Site "https://www.chess.com"]

[Event "Titled Tuesday Blitz November 14 Late 2023"]
[White "Naroditsky, Daniel"]
[Black "Shubenkova, Veronika"]
[WhiteFideId "2026961"]
[BlackFideId "44124040"]
[WhiteElo "3098"]
[BlackElo "2511"]
[Result "1-0"]
[Round "1"]
[TimeControl "180+1"]
[Date "2023.11.14"]
[WhiteClock "0:01:40"]
[BlackClock "0:00:44"]
[Board "4"]

1. e4 c6 2. d4 d5 3. exd5 cxd5 4. Nf3 Nc6 5. Bb5 Bd7 6. c4 e6 7. Nc3 dxc4 8. O-O Nf6 9. Bxc4 Be7 10. a3 O-O 11. Qd3 a6 12. Rd1 b5 13. Ba2 b4 14. Ne4 bxa3 15. bxa3 Nxe4 16. Qxe4 Bf6 17. Bf4 Ne7 18. Ne5 Bb5 19. a4 Bxa4 20. Bb1 Ng6 21. Rxa4 Bxe5 22. Bxe5 f5 23. Qe1 Qd7 24. Ra5 f4 25. Bxg6 hxg6 26. Rc5 f3 27. Rc7 1-0


[Site "https://www.chess.com"]

[Event "Titled Tuesday Blitz November 14 Late 2023"]
[White "Przybylski, Wojciech"]
[Black "Tabatabaei, M. Amin"]
[WhiteFideId "1117599"]
[BlackFideId "12521213"]
[WhiteElo "2511"]
[BlackElo "3089"]
[Result "0-1"]
[Round "1"]
[TimeControl "180+1"]
[Date "2023.11.14"]
[WhiteClock "0:00:01"]
[BlackClock "0:00:18"]
[Board "5"]

1. e4 c6 2. d4 d5 3. e5 c5 4. c4 e6 5. Nf3 cxd4 6. Nxd4 Nc6 7. cxd5 exd5 8. Bb5 Bd7 9. O-O Bc5 10. Nxc6 bxc6 11. Bd3 Ne7 12. Bg5 h6 13. Bh4 g5 14. Bg3 h5 15. e6 Bxe6 16. Be5 Rg8 17. Qxh5 Ng6 18. Bxg6 Rxg6 19. Nd2 Qb6 20. Qh8+ Bf8 21. Bd6 O-O-O 22. Bxf8 Kb7 23. Rac1 Ka8 24. Nf3 Qb8 25. Qc3 Rxf8 26. Qxc6+ Qb7 27. Qd6 Rh8 28. Rc7 Qb6 29. Rc6 Qb8 30. Ne5 Rgh6 31. Qxb8+ Kxb8 32. f3 Rxh2 33. Kf2 R2h4 34. Rfc1 Rb4 35. R6c2 Rb6 36. Nc6+ Ka8 37. Nd4 Rb4 38. Nc6 Ra4 39. b3 Ra6 40. Nd4 Rd8 41. Nb5 Rb6 42. Nd4 Rd7 43. Ke3 Kb7 44. Kd3 f6 45. a3 Bf7 46. b4 Bg6+ 47. Kd2 Bxc2 48. Rxc2 Rc7 49. Rb2 Re7 50. Kd3 Re1 51. g4 Rd1+ 52. Kc3 Re1 53. Rh2 Re7 54. Nb3 Rc6+ 55. Kd3 Kb6 56. Nd4 Rc1 57. Rh6 Rd1+ 58. Kc3 Rc7+ 59. Kb2 Rxd4 60. Rxf6+ Rc6 61. Rf7 Rd2+ 62. Kb3 Rd3+ 63. Ka4 Rcc3 64. Rf6+ Kc7 65. Kb5 Rxa3 66. Rf7+ Kd6 67. Rf6+ Ke7 68. Rg6 Rdc3 69. Rxg5 d4 70. Rd5 d3 71. f4 Ke6 72. Rd8 a6+ 73. Kb6 Rc4 74. f5+ Ke7 75. Rd5 Rxb4+ 76. Ka7 Rxg4 77. f6+ Kxf6 0-1


[Site "https://www.chess.com"]

[Event "Titled Tuesday Blitz November 14 Late 2023"]
[White "Yoo, Christopher Woojin"]
[Black "D`Arruda, Ricardo D."]
[WhiteFideId "30909694"]
[BlackFideId "100692"]
[WhiteElo "3068"]
[BlackElo "2511"]
[Result "1-0"]
[Round "1"]
[TimeControl "180+1"]
[Date "2023.11.14"]
[WhiteClock "0:01:56"]
[BlackClock "0:01:06"]
[Board "6"]

1. d4 Nf6 2. Nf3 e6 3. Bg5 d5 4. Nbd2 Be7 5. e3 Nbd7 6. c4 c6 7. Qc2 h6 8. Bh4 b6 9. cxd5 cxd5 10. Bb5 Bb7 11. Ne5 O-O 12. Nxd7 Nxd7 13. Bxe7 Qxe7 14. Qc7 Bc8 15. Bc6 Rb8 16. Qxa7 Qd6 17. Rc1 Rd8 18. O-O Nf8 19. Nf3 f6 20. Rc3 Bd7 21. Rfc1 Qb4 22. Bxd7 Nxd7 23. Rc7 Qxb2 24. Rf1 Qb5 25. a4 1-0


[Site "https://www.chess.com"]

[Event "Titled Tuesday Blitz November 14 Late 2023"]
[White "Ronka, Erik"]
[Black "Niemann, Hans Moke"]
[WhiteFideId "505080"]
[BlackFideId "2093596"]
[WhiteElo "2510"]
[BlackElo "3059"]
[Result "0-1"]
[Round "1"]
[TimeControl "180+1"]
[Date "2023.11.14"]
[WhiteClock "0:00:02"]
[BlackClock "0:02:17"]
[Board "7"]

1. e4 c5 2. Nf3 Nc6 3. d4 cxd4 4. Nxd4 Nf6 5. Nc3 d6 6. Bg5 e6 7. Qd2 a6 8. O-O-O Bd7 9. f4 Be7 10. Nf3 b5 11. Bxf6 gxf6 12. f5 Qb6 13. g3 O-O-O 14. fxe6 fxe6 15. Bh3 Kb8 16. Ne2 Ne5 17. Ned4 Nc4 18. Qe2 f5 19. exf5 e5 20. Ne6 Bc6 21. Nxd8 Rxd8 22. Rhe1 Qa5 23. Kb1 Bxf3 24. Qxf3 Qxe1 25. Qd3 Qb4 26. b3 d5 27. Bg2 e4 28. Qd4 Na3+ 29. Kb2 Qxd4+ 30. Rxd4 Bf6 0-1


[Site "https://www.chess.com"]

[Event "Titled Tuesday Blitz November 14 Late 2023"]
[White "Erigaisi Arjun"]
[Black "Mordechai, Hanan"]
[WhiteFideId "35009192"]
[BlackFideId "2804166"]
[WhiteElo "3032"]
[BlackElo "2509"]
[Result "1-0"]
[Round "1"]
[TimeControl "180+1"]
[Date "2023.11.14"]
[WhiteClock "0:02:02"]
[BlackClock "0:00:07"]
[Board "8"]

1. c4 g6 2. g3 Bg7 3. Bg2 e5 4. Nc3 Ne7 5. Nf3 O-O 6. h4 d5 7. cxd5 Nxd5 8. h5 Nxc3 9. bxc3 e4 10. Nd4 c5 11. Nc2 Qe7 12. Ne3 Rd8 13. hxg6 hxg6 14. Qc2 f5 15. Bb2 Be6 16. f3 Qd6 17. O-O-O exf3 18. Bxf3 Nc6 19. g4 f4 20. Qxg6 fxe3 21. dxe3 Qe5 22. Rdf1 Qxe3+ 23. Kb1 Bf7 24. Bd5 Ne5 25. Bxf7+ Kf8 1-0


[Site "https://www.chess.com"]

[Event "Titled Tuesday Blitz November 14 Late 2023"]
[White "Droin, Augustin"]
[Black "Paravyan, David"]
[WhiteFideId "45105987"]
[BlackFideId "4194985"]
[WhiteElo "2509"]
[BlackElo "3029"]
[Result "1/2-1/2"]
[Round "1"]
[TimeControl "180+1"]
[Date "2023.11.14"]
[WhiteClock "0:00:10"]
[BlackClock "0:01:29"]
[Board "9"]

1. e4 e5 2. Nf3 Nf6 3. d4 Nxe4 4. Bd3 d5 5. Nxe5 Nd7 6. Nc3 Bb4 7. O-O Nxe5 8. dxe5 Nxc3 9. bxc3 Bxc3 10. Rb1 O-O 11. Bxh7+ Kxh7 12. Qd3+ Kg8 13. Qxc3 a5 14. Qg3 Ra6 15. Bg5 Qd7 16. f4 Qf5 17. Rf2 Rg6 18. Qc3 Rc6 19. Qd2 b6 20. h3 Re8 21. g4 Qe4 22. Re1 Qb4 23. f5 f6 24. Qxd5+ Kh7 25. Bd2 Qc4 26. Qxc4 Rxc4 27. exf6 Rxe1+ 28. Bxe1 gxf6 29. Re2 Bb7 30. Bg3 Be4 31. Bxc7 Rxc7 32. Rxe4 Rxc2 33. a4 Rb2 34. Re6 Kg7 35. Kf1 Kf7 36. Ke1 Rb3 37. Kf2 Rxh3 38. Rxb6 Ra3 39. Rb7+ Kg8 40. Ra7 Rxa4 41. Kg3 Ra1 42. Kh4 Rh1+ 43. Kg3 Ra1 44. Kh4 Rh1+ 45. Kg3 Rg1+ 46. Kh4 Rh1+ 1/2-1/2


[Site "https://www.chess.com"]

[Event "Titled Tuesday Blitz November 14 Late 2023"]
[White "Hakobyan, Aram"]
[Black "Kuegel, Tobias"]
[WhiteFideId "13306677"]
[BlackFideId "4636295"]
[WhiteElo "3027"]
[BlackElo "2509"]
[Result "1-0"]
[Round "1"]
[TimeControl "180+1"]
[Date "2023.11.14"]
[WhiteClock "0:00:26"]
[BlackClock "0:00:07"]
[Board "10"]

1. b3 e5 2. Bb2 Nc6 3. c4 Nge7 4. Nf3 e4 5. Nd4 d5 6. Nxc6 Nxc6 7. cxd5 Qxd5 8. Nc3 Qf5 9. Qb1 Be6 10. g3 O-O-O 11. Bg2 Rxd2 12. Kxd2 Qxf2 13. Qxe4 g6 14. Raf1 Bh6+ 15. Kc2 Qc5 16. Kb1 Rd8 17. Ka1 Rd4 18. Na4 Qb4 19. Bxd4 Nxd4 20. Qxb7+ Qxb7 21. Bxb7+ Kxb7 22. Nc5+ Kc6 23. Nxe6 fxe6 24. Kb1 Nxe2 25. Rf7 Be3 26. Re1 Nc3+ 27. Kc2 Bd4 28. Rxe6+ Kd5 29. Ra6 c5 30. Raxa7 Ke4 31. Rae7+ Kd5 32. Rd7+ Ke4 33. Rfe7+ Kf3 34. Rxh7 Nxa2 35. Rb7 Nb4+ 36. Rxb4 cxb4 37. Kd3 Bc3 38. Rh6 g5 39. Rh7 g4 40. Rh4 Be1 41. h3 gxh3 42. Rxh3 Bxg3 43. Kc4 Kg4 44. Rxg3+ Kxg3 45. Kxb4 Kf4 46. Kc5 Ke5 47. b4 Ke6 48. Kc6 Ke7 49. Kc7 Ke6 50. b5 Kd5 51. b6 Kc5 52. b7 Kb5 53. b8=Q+ Ka6 54. Qb6# 1-0


[Site "https://www.chess.com"]

[Event "Titled Tuesday Blitz November 14 Late 2023"]
[White "Ferreira, Vitor Hugo Vieira"]
[Black "Bortnyk, Olexandr"]
[WhiteFideId "2119765"]
[BlackFideId "14120828"]
[WhiteElo "2508"]
[BlackElo "3018"]
[Result "0-1"]
[Round "1"]
[TimeControl "180+1"]
[Date "2023.11.14"]
[WhiteClock "0:00:00"]
[BlackClock "0:00:51"]
[Board "11"]

1. d4 d6 2. c4 e5 3. dxe5 dxe5 4. Qxd8+ Kxd8 5. Nc3 Be6 6. e4 f6 7. f4 Nd7 8. Nf3 exf4 9. Bxf4 Bb4 10. O-O-O Bxc3 11. bxc3 Ne7 12. Nd4 Bg4 13. Rd2 Kc8 14. h3 Bh5 15. Ne6 g5 16. Bh2 c6 17. Nc7 Rb8 18. Ne6 Ra8 19. Nc7 Rb8 20. Ne6 Ne5 21. Nxg5 Bg6 22. Nf3 Nxf3 23. gxf3 Ra8 24. Bd6 Re8 25. h4 b6 26. c5 Kb7 27. Bh3 f5 28. Bxe7 Rxe7 29. exf5 Bf7 30. f6 Rc7 31. Re1 Bd5 32. Re7 Rf8 33. Rxc7+ Kxc7 34. cxb6+ Kxb6 35. c4 Bxc4 36. Rd7 Rxf6 37. Bg4 h6 38. Kc2 Bxa2 39. Kd3 a5 40. Ke4 a4 41. f4 a3 42. Ke5 Bd5 43. Rd8 Rf7 44. Ra8 Ra7 45. Rxa7 Kxa7 0-1


[Site "https://www.chess.com"]

[Event "Titled Tuesday Blitz November 14 Late 2023"]
[White "Martinez Alcantara, Jose Eduardo"]
[Black "jactorres"]
[WhiteFideId "3805662"]
[WhiteElo "3017"]
[BlackElo "2508"]
[Result "1-0"]
[Round "1"]
[TimeControl "180+1"]
[Date "2023.11.14"]
[WhiteClock "0:02:19"]
[BlackClock "0:00:32"]
[Board "12"]

1. e4 c6 2. d4 d5 3. e5 Bf5 4. h4 h5 5. Bd3 Bxd3 6. Qxd3 e6 7. Nf3 Ne7 8. Bg5 Qc7 9. Nbd2 Nf5 10. c4 dxc4 11. Nxc4 Nd7 12. O-O Nb6 13. Ncd2 Be7 14. Ne4 Nd5 15. g3 O-O-O 16. Rfd1 Kb8 17. Qe2 Ka8 18. a3 Rhg8 19. Bxe7 Qxe7 20. Kh2 Rc8 21. Rac1 Rgd8 22. b4 Nc7 23. Nc5 Nb5 24. Qb2 Rd5 25. a4 Nc7 26. b5 b6 27. bxc6 f6 28. Ne4 Rdd8 29. a5 Nd5 30. axb6 Nxb6 31. Qb5 Nd5 32. Nc5 1-0


[Site "https://www.chess.com"]

[Event "Titled Tuesday Blitz November 14 Late 2023"]
[White "HeroRubiksCube"]
[Black "Terry, Renato"]
[BlackFideId "3803457"]
[WhiteElo "2507"]
[BlackElo "3000"]
[Result "0-1"]
[Round "1"]
[TimeControl "180+1"]
[Date "2023.11.14"]
[WhiteClock "0:00:59"]
[BlackClock "0:01:24"]
[Board "13"]

1. e4 e6 2. d3 d5 3. Nd2 Nf6 4. g3 dxe4 5. dxe4 Bc5 6. Bg2 e5 7. Ngf3 Nc6 8. O-O O-O 9. c3 a5 10. Qc2 b6 11. Nb3 Bd6 12. Bg5 h6 13. Bxf6 Qxf6 14. a4 Be6 15. Rad1 Rad8 16. Rd2 Ne7 17. Rfd1 g5 18. Rd3 Ng6 19. Nbd2 g4 20. Ne1 Bc5 21. Nf1 Bb3 0-1


[Site "https://www.chess.com"]

[Event "Titled Tuesday Blitz November 14 Late 2023"]
[White "Alekseenko, Kirill"]
[Black "Kovacsy, Barnabas"]
[WhiteFideId "4135539"]
[BlackFideId "769290"]
[WhiteElo "2974"]
[BlackElo "2507"]
[Result "0-1"]
[Round "1"]
[TimeControl "180+1"]
[Date "2023.11.14"]
[WhiteClock "0:00:00"]
[BlackClock "0:00:11"]
[Board "14"]

1. e4 c5 2. Nf3 e6 3. d4 cxd4 4. Nxd4 Nc6 5. Nc3 Qc7 6. Be2 a6 7. O-O Nf6 8. Be3 Bb4 9. Na4 Be7 10. c4 Nxe4 11. c5 d6 12. Nxc6 bxc6 13. Nb6 Rb8 14. cxd6 Bxd6 15. Nxc8 Rxc8 16. Bxa6 Rd8 17. Qg4 Nf6 18. Qh3 h5 19. Rac1 Ng4 20. Bb5 Bxh2+ 21. Kh1 Kf8 22. Rxc6 Qe5 23. Rc5 Qxb2 24. Rfc1 Nxe3 25. Qxe3 Bd6 26. Rc8 Ke7 27. Qa7+ Kf6 28. Rxd8 Rxd8 29. Rd1 Qe5 0-1


[Site "https://www.chess.com"]

[Event "Titled Tuesday Blitz November 14 Late 2023"]
[White "Sokac, Marko"]
[Black "Ibarra Jerez, Jose Carlos"]
[WhiteFideId "14531356"]
[BlackFideId "2226332"]
[WhiteElo "2506"]
[BlackElo "2961"]
[Result "0-1"]
[Round "1"]
[TimeControl "180+1"]
[Date "2023.11.14"]
[WhiteClock "0:00:02"]
[BlackClock "0:00:03"]
[Board "15"]

1. e4 c5 2. a3 g6 3. h4 Nf6 4. e5 Nh5 5. g4 Nf4 6. d4 Nd5 7. c4 Nc7 8. d5 d6 9. f4 Bg7 10. h5 O-O 11. hxg6 hxg6 12. e6 fxe6 13. Bd3 exd5 14. Bxg6 Rf6 15. f5 dxc4 16. Qc2 d5 17. Qh2 Qd6 18. Bf4 e5 19. Qh7+ Kf8 20. Bh6 Rxg6 21. fxg6 Qf6 22. Qh8+ Ke7 23. Qxg7+ Qxg7 24. Bxg7 Nc6 25. Nf3 e4 26. Ne5 Nd4 27. O-O Be6 28. Nc3 Rg8 29. Bf6+ Kd6 30. Nf7+ Kd7 31. Bxd4 cxd4 32. Ne2 d3 33. Nd4 Bxg4 34. Ne5+ Kd6 35. Nxg4 Rxg6 36. Rf4 e3 37. Kf1 e2+ 38. Nxe2 dxe2+ 39. Kxe2 Ne6 40. Raf1 Nxf4+ 41. Rxf4 Kc5 42. Ne3 Rb6 43. Nd1 Rh6 44. Kd2 Rh2+ 45. Rf2 Rh3 46. Rf7 Kc6 47. Rf6+ Kc5 48. Rf7 Kc6 49. Ne3 Rh2+ 50. Kc3 Re2 51. Nc2 Re4 52. Nd4+ Kc5 53. Nc2 d4+ 54. Nxd4 Re3+ 55. Kc2 Kxd4 56. Rxb7 Re2+ 57. Kb1 a5 58. Ra7 c3 59. bxc3+ Kxc3 60. Rc7+ Kb3 61. Rb7+ Kxa3 62. Rd7 Re1+ 63. Kc2 a4 64. Rb7 Re2+ 65. Kc1 Ka2 66. Kd1 Rb2 67. Kc1 Rxb7 0-1


[Site "https://www.chess.com"]

[Event "Titled Tuesday Blitz November 14 Late 2023"]
[White "Maghsoodloo, Parham"]
[Black "Pesotskiy, Mikhail"]
[WhiteFideId "12539929"]
[BlackFideId "34164453"]
[WhiteElo "2956"]
[BlackElo "2506"]
[Result "1-0"]
[Round "1"]
[TimeControl "180+1"]
[Date "2023.11.14"]
[WhiteClock "0:00:08"]
[BlackClock "0:00:10"]
[Board "16"]

1. e4 e6 2. d4 d5 3. Nc3 Bb4 4. e5 c5 5. Bd2 Ne7 6. Nf3 cxd4 7. Nb5 Bc5 8. b4 Bb6 9. a4 O-O 10. a5 Bc7 11. Bd3 Ng6 12. Qe2 Nc6 13. Nxc7 Qxc7 14. Bxg6 fxg6 15. b5 Ne7 16. Bb4 Nf5 17. O-O Rd8 18. g4 Nh6 19. Nxd4 Bd7 20. f4 Rac8 21. c3 Qc4 22. Qxc4 Rxc4 23. h3 Rdc8 24. b6 a6 25. Rae1 Re8 26. Kg2 Nf7 27. Kg3 Nd8 28. Re3 Nc6 29. Nxc6 Bxc6 30. Rd1 Rd8 31. Rd4 Bb5 32. f5 gxf5 33. gxf5 exf5 34. e6 Rxd4 35. cxd4 Re8 36. Kf4 Ba4 37. Kxf5 Bc2+ 38. Ke5 Be4 39. Rxe4 dxe4 40. d5 e3 41. d6 e2 42. d7 Rb8 43. e7 Kf7 44. d8=Q Rxd8 45. exd8=Q 1-0


[Site "https://www.chess.com"]

[Event "Titled Tuesday Blitz November 14 Late 2023"]
[White "Urbina Perez, Juan Antonio"]
[Black "Gholami Orimi, Mahdi"]
[WhiteFideId "2217368"]
[BlackFideId "12558486"]
[WhiteElo "2506"]
[BlackElo "2955"]
[Result "0-1"]
[Round "1"]
[TimeControl "180+1"]
[Date "2023.11.14"]
[WhiteClock "0:00:06"]
[BlackClock "0:00:41"]
[Board "17"]

1. d4 d5 2. Nf3 Nf6 3. c4 dxc4 4. e3 a6 5. Bxc4 b5 6. Be2 e6 7. O-O c5 8. dxc5 Qxd1 9. Rxd1 Bxc5 10. Nbd2 Nbd7 11. Nb3 Bb6 12. Bd2 O-O 13. Ba5 Bb7 14. Bxb6 Nxb6 15. Na5 Bd5 16. b3 Ne4 17. Bd3 Nc3 18. Rdc1 Rac8 19. Kf1 f6 20. Nd4 g6 21. e4 Nxe4 22. Bxe4 Bxe4 23. Nxe6 Rfe8 24. Nc5 Bf5 25. b4 Nd5 26. a3 Nf4 27. Rd1 Kg7 28. Nab7 Rc6 29. Nd6 Re5 30. Nxf5+ Rxf5 31. Rd7+ Kh6 32. Rad1 a5 33. g3 axb4 34. axb4 Ne6 35. Nxe6 Rxe6 36. R7d5 Re4 37. R1d4 Rxd5 38. Rxe4 f5 39. Re7 Rd4 40. Kg2 Rxb4 41. f4 Rb2+ 42. Kh3 b4 43. Rb7 b3 44. Rd7 Rc2 45. Re7 b2 46. Rb7 g5 47. Rb6+ Kh5 48. fxg5 Kxg5 49. Rb7 Kf6 50. g4 f4 51. Rb5 h6 52. Rf5+ Ke6 53. Rb5 Kd6 54. g5 hxg5 55. Kg4 Rg2+ 56. Kh5 f3 57. h3 0-1


[Site "https://www.chess.com"]

[Event "Titled Tuesday Blitz November 14 Late 2023"]
[White "Khismatullin, Denis"]
[Black "Kanyamarala, Tarun"]
[WhiteFideId "4142578"]
[BlackFideId "45004714"]
[WhiteElo "2951"]
[BlackElo "2505"]
[Result "1-0"]
[Round "1"]
[TimeControl "180+1"]
[Date "2023.11.14"]
[WhiteClock "0:00:36"]
[BlackClock "0:00:18"]
[Board "18"]

1. Nf3 d5 2. g3 Nd7 3. d4 Nb6 4. Bg2 Bf5 5. a4 a5 6. Nh4 Bg6 7. O-O e6 8. Nxg6 hxg6 9. Nd2 Nf6 10. e4 dxe4 11. Nxe4 Nxe4 12. Bxe4 c6 13. c3 Be7 14. Re1 Nd5 15. Qf3 Qd7 16. h4 Nf6 17. Bd3 Qd5 18. Kg2 Qxf3+ 19. Kxf3 O-O-O 20. Bc4 Nd5 21. Bd2 Rh5 22. Rad1 Rdh8 23. Kg2 g5 24. Be2 R5h7 25. hxg5 Rh2+ 26. Kf3 R8h5 27. Ke4 Rh8 28. Rf1 Rg2 29. Bf3 Rgh2 30. Rh1 g6 31. Kd3 Kd7 32. Rxh2 Rxh2 33. Ke2 Nb6 34. b3 Nd5 35. Rh1 Rxh1 36. Bxh1 Ba3 37. Kd3 Be7 38. Be4 Bd6 39. c4 Nb4+ 40. Ke2 Be7 41. f4 Bd6 42. g4 Bc7 43. f5 exf5 44. gxf5 gxf5 45. Bxf5+ Ke7 46. Kf3 Bd6 47. c5 Bc7 48. Bc8 b6 49. cxb6 Bxb6 50. Ke4 Nd5 51. Ba6 Nc7 52. Bc4 Ne8 53. b4 Nd6+ 54. Kd3 Nf5 55. bxa5 Ba7 56. Bb4+ Ke8 57. Bc5 Bxc5 58. dxc5 Ne7 59. Ke4 Nc8 60. Ke5 Ke7 61. a6 Na7 62. Bd3 Nc8 63. Bf5 Na7 64. Bg4 Ke8 65. Kd6 Kd8 66. Bf5 Ke8 67. Kc7 1-0


[Site "https://www.chess.com"]

[Event "Titled Tuesday Blitz November 14 Late 2023"]
[White "Koutlas, Nikolaos"]
[Black "Mitrabha, Guha"]
[WhiteFideId "25827138"]
[BlackFideId "5057000"]
[WhiteElo "2505"]
[BlackElo "2945"]
[Result "0-1"]
[Round "1"]
[TimeControl "180+1"]
[Date "2023.11.14"]
[WhiteClock "0:01:20"]
[BlackClock "0:01:58"]
[Board "19"]

1. Nf3 Nf6 2. c4 g6 3. Nc3 Bg7 4. g3 O-O 5. Bg2 c5 6. O-O Nc6 7. a3 d6 8. Rb1 a5 9. e3 Bf5 10. d3 Qc8 11. Nd5 Nxd5 12. cxd5 Ne5 13. Nxe5 Bxe5 14. b4 cxb4 15. axb4 a4 16. e4 Bg4 17. Qd2 a3 18. d4 Bg7 19. Ra1 Qc4 20. Rxa3 Bxd4 21. Rd3 Bg7 22. h3 Ra2 23. Qe3 Re2 24. Qb6 Qxd3 25. hxg4 Bd4 26. Qxb7 Rxf2 27. Rxf2 Qxg3 0-1


[Site "https://www.chess.com"]

[Event "Titled Tuesday Blitz November 14 Late 2023"]
[White "Bortnyk, Mykola"]
[Black "Osmak, Yuliia"]
[WhiteFideId "14120836"]
[BlackFideId "14101602"]
[WhiteElo "2941"]
[BlackElo "2505"]
[Result "1-0"]
[Round "1"]
[TimeControl "180+1"]
[Date "2023.11.14"]
[WhiteClock "0:00:21"]
[BlackClock "0:00:14"]
[Board "20"]

1. e4 c5 2. c3 Nf6 3. e5 Nd5 4. Bc4 Nb6 5. Bb3 d5 6. d4 Na6 7. Be3 cxd4 8. cxd4 Bf5 9. Ne2 e6 10. O-O Be7 11. Nbc3 O-O 12. Ng3 Bg6 13. f4 f5 14. exf6 Bxf6 15. f5 exf5 16. Nxf5 Qd7 17. Qf3 Nc7 18. g4 Rae8 19. Ne4 Bxf5 20. gxf5 Nc4 21. Nxf6+ Rxf6 22. Bg5 Rf7 23. Rac1 b5 24. Kh1 Re4 25. Bxc4 bxc4 26. Rxc4 Rxf5 27. Qxf5 Qxf5 28. Rxf5 dxc4 29. Ra5 Ne6 30. Bd2 Rxd4 31. Bc3 Rd7 32. Kg2 Kf7 33. Kf3 g6 34. Ke4 Ng5+ 35. Rxg5 Re7+ 36. Kd4 h6 37. Rg2 g5 38. Kxc4 Kg6 39. b4 h5 40. b5 Rc7+ 41. Kb4 g4 42. a4 Kf5 43. a5 Kf4 44. b6 axb6 45. axb6 Rc6 46. Bd4 Rc8 47. Kb5 h4 48. b7 Rb8 49. Kc6 Kf3 50. Rg1 g3 51. hxg3 hxg3 52. Rxg3+ Kxg3 53. Be5+ 1-0


[Site "https://www.chess.com"]

[Event "Titled Tuesday Blitz November 14 Late 2023"]
[White "Ballester Llagaria, Luis Eduardo"]
[Black "Grischuk, Alexander"]
[WhiteFideId "2297620"]
[BlackFideId "4126025"]
[WhiteElo "2504"]
[BlackElo "2933"]
[Result "0-1"]
[Round "1"]
[TimeControl "180+1"]
[Date "2023.11.14"]
[WhiteClock "0:00:40"]
[BlackClock "0:00:54"]
[Board "21"]

1. e4 e5 2. Nf3 Nc6 3. Nc3 Nf6 4. a3 d5 5. exd5 Nxd5 6. Bb5 Nxc3 7. bxc3 Bd6 8. d4 Bd7 9. O-O O-O 10. Bg5 Qc8 11. Bxc6 Bxc6 12. Nxe5 Bxe5 13. dxe5 Qf5 14. f4 Rfe8 15. Qd3 Be4 16. Qe2 Bxc2 17. Rf2 Bd3 18. g4 Qxg5 19. fxg5 Bxe2 20. Rxe2 Rad8 21. Rae1 Kf8 22. Kg2 Re6 23. Re4 Rd5 24. c4 Rd3 25. R1e3 Rxe3 26. Rxe3 Rc6 27. Re4 Ra6 28. Re3 Ra4 29. Rc3 Ke7 30. Kf3 Ke6 31. Ke4 b5 32. Kd4 Rxc4+ 33. Rxc4 bxc4 34. Kxc4 Kxe5 35. Kc5 Kf4 36. Kc6 Kxg4 37. a4 Kxg5 38. a5 f5 39. a6 f4 40. Kb7 f3 41. Kxa7 f2 42. Kb8 f1=Q 43. a7 0-1


[Site "https://www.chess.com"]

[Event "Titled Tuesday Blitz November 14 Late 2023"]
[White "Kamsky, Gata"]
[Black "Kochiev, Ivan"]
[WhiteFideId "2000024"]
[BlackFideId "2917890"]
[WhiteElo "2926"]
[BlackElo "2504"]
[Result "1-0"]
[Round "1"]
[TimeControl "180+1"]
[Date "2023.11.14"]
[WhiteClock "0:00:50"]
[BlackClock "0:00:00"]
[Board "22"]

1. d4 Nf6 2. Bf4 e6 3. e3 c5 4. c3 d5 5. Nd2 Bd6 6. Bb5+ Nc6 7. Bg3 O-O 8. Ngf3 Qc7 9. dxc5 Bxg3 10. hxg3 e5 11. b4 Re8 12. Qc2 Bd7 13. a4 a6 14. Be2 Ne7 15. a5 Bf5 16. Qb2 Rad8 17. Nb3 Bg6 18. Nh4 Nf5 19. Nxg6 fxg6 20. O-O-O Qc6 21. Bf3 Qb5 22. Kb1 h5 23. Rd2 Re7 24. Rhd1 Red7 25. Ka1 Ne4 26. Bxe4 dxe4 27. Rxd7 Rxd7 28. Rxd7 Qxd7 29. Qd2 Qa4+ 30. Kb2 Qb5 31. Qc2 Nh6 32. Qxe4 Ng4 33. Nd2 Qe2 34. Qc4+ 1-0


[Site "https://www.chess.com"]